Cogmind - Beta 13 @@@ ROGUE MODE // 2024.07.14 @ 21:36:01 Player: ywiktor Result: Destroyed by D-53 Grenadier with Mini Grenade Launcher Performance ------------- Evolutions (0) 0 Regions Visited (4) 800 Robots Destroyed (7) 35 Value Destroyed (179) 179 Prototype IDs (2) 40 Alien Tech Used (0) 0 Bonus (300) 300 TOTAL SCORE: 1354 Bonus ------- Aligned with FarCom 300 Cogmind --------- Core Integrity 0/250 Matter 300/300 Energy 100/100 System Corruption 0% Temperature Cool (0) Movement Core (50) Location -9/Mines Parts ------- > --- POWER (1) -------- (None) > --- PROPULSION (2) --- (None) > --- UTILITY (2) ------ Trap Reconfigurator > --- WEAPON (2) ------- Assault Rifle > --- INVENTORY (5) ---- Ion Engine Light Treads Light Treads Aluminum Leg Grenade Launcher Peak State ------------ > --- POWER ------------ Ion Engine > --- PROPULSION ------- Aluminum Leg Aluminum Leg > --- UTILITY ---------- Medium Storage Unit > --- WEAPON ----------- AWS/Gauss > --- INVENTORY -------- Ion Engine Ion Engine Light Treads Light Treads Aluminum Leg Aluminum Leg Aluminum Leg Aluminum Leg Small Laser Grenade Launcher [Rating: 21] Favorites ----------- Power Ion Engine Engine Ion Engine Propulsion Aluminum Leg Leg Aluminum Leg Utility Medium Storage Unit Device Trap Reconfigurator Storage Medium Storage Unit Weapon Assault Rifle Ballistic Gun Assault Rifle Build | -11 -10 -10 -10 -9 ------- Run | Yrd Mat Min Exi Min Slots Evolved . | . . . . . Power . | . . . . . Propulsion . | . . . . . Utility . | . . . . . Weapon . | . . . . . Parts Attached 13 | 6 3 . 4 . Power 3 | 1 2 . . . Engine 3 | 1 2 . . . Core . | . . . . . Reactor . | . . . . . Propulsion 2 | 2 . . . . Treads . | . . . . . Leg 2 | 2 . . . . Wheel . | . . . . . Hover . | . . . . . Flight . | . . . . . Utility 3 | 1 1 . 1 . Device 1 | . . . 1 . Storage 2 | 1 1 . . . Processor . | . . . . . Hackware . | . . . . . Protection . | . . . . . Artifact . | . . . . . Weapon 5 | 2 . . 3 . Energy Gun . | . . . . . Energy Cannon . | . . . . . Ballistic Gun 5 | 2 . . 3 . Ballistic Cannon . | . . . . . Launcher . | . . . . . Special Weapon . | . . . . . Impact Weapon . | . . . . . Slashing Weapon . | . . . . . Piercing Weapon . | . . . . . Special Melee Weapon . | . . . . . Unidentified Prototypes 2 | . . . 2 . Parts Lost 4 | . . . . 4 Power 1 | . . . . 1 Propulsion 2 | . . . . 2 Utility . | . . . . . Weapon 1 | . . . . 1 Highest Loss Streak 4 | . . . . 4 To Critical Strikes . | . . . . . Average Slot Usage (%) 89 | . 85 85 90 98 Engine 14 | . 14 14 14 14 Leg 27 | . 28 28 28 27 Device 4 | . . . 6 14 Storage 14 | . 14 14 14 14 Ballistic Gun 27 | . 28 28 27 27 Naked Turns . | . . . . . Heaviest Build 20 | 14 19 19 20 20 Greatest Support 20 | 20 20 20 20 20 Greatest Overweight (x) 3 | 3 . . . 2 Average Overweight (x) . | . . . . . Largest Inventory Capacity 10 | 8 10 10 10 10 Average Capacity 9 | 7 8 10 10 9 Most Carried 10 | 4 10 10 10 10 Average Carried 8 | 2 6 10 10 9 Final Capacity 10 | 8 10 10 10 5 Final Carried 10 | 4 10 10 10 5 Class Distribution -------------------- 100% | Mutant Dominant Class ---------------- Mutant | -10/Materials Mutant | -10/Mines Mutant | -10/Exiles Mutant | -9/Mines Resources | -11 -10 -10 -10 -9 ----------- Run | Yrd Mat Min Exi Min Matter Collected 438 | 215 152 31 . 40 Remotely . | . . . . . Salvage Created 232 | . 232 . . . Parts 20 | . 20 . . . Haulers Intercepted . | . . . . . Recyclers Shooed 1 | . 1 . . . Parts Field Recycled . | . . . . . Retrieved Matter . | . . . . . Parts Self-Destructed . | . . . . . Prevented . | . . . . . Kills | -11 -10 -10 -10 -9 ------- Run | Yrd Mat Min Exi Min Combat Hostiles Destroyed 7 | . 7 . . . Guns 7 | . 7 . . . Classes Destroyed 2 | . 2 . . . Swarmer 3 | . 3 . . . Grunt 4 | . 4 . . . Best Kill Streak 5 | . 5 . . . Combat Bots Only 5 | . 5 . . . Max Kills in Single Turn 1 | . 1 . . . Gunslinging . | . . . . . Exploded . | . . . . . Melee . | . . . . . Uniques/NPCs Destroyed . | . . . . . Combat | -11 -10 -10 -10 -9 -------- Run | Yrd Mat Min Exi Min Hostile Shots Fired 36 | . 27 . . 9 Missed 5 | . 4 . . 1 Damage Taken 629 | . 289 . . 340 Core 254 | . 81 . . 173 Absorbed by Shields . | . . . . . Core Remaining (%) 100 | 100 . . . . Volleys Fired 18 | . 18 . . . Largest 2 | . 2 . . . Hottest 40 | . 40 . . . Shots Fired 36 | . 36 . . . Gun 36 | . 36 . . . Cannon . | . . . . . Launcher . | . . . . . Special . | . . . . . Kinetic 36 | . 36 . . . Thermal . | . . . . . Explosive . | . . . . . Electromagnetic . | . . . . . Robot Hit Streak 7 | . 7 . . . Robot Miss Streak 3 | . 3 . . . Penetration Max . | . . . . . Secondary Targets . | . . . . . Shots Hit Robots 22 | . 22 . . . Core Hits 13 | . 13 . . . Critical Kills . | . . . . . Critical Parts Destroyed . | . . . . . Critical Strikes . | . . . . . Melee Attacks . | . . . . . Impact . | . . . . . Slashing . | . . . . . Piercing . | . . . . . Sneak Attacks . | . . . . . Combat Hostiles . | . . . . . Follow-up Attacks . | . . . . . Damage Inflicted 300 | . 300 . . . Guns 300 | . 300 . . . Cannons . | . . . . . Explosions . | . . . . . Melee . | . . . . . Ramming . | . . . . . Kinetic 300 | . 300 . . . Thermal . | . . . . . Explosive . | . . . . . Electromagnetic . | . . . . . Impact . | . . . . . Slashing . | . . . . . Piercing . | . . . . . Highest Corruption . | . . . . . Average Corruption . | . . . . . Corruption Purged . | . . . . . Corruption Blocked . | . . . . . Overload Shots . | . . . . . Overflow Damage . | . . . . . Projectiles . | . . . . . Explosions . | . . . . . Melee . | . . . . . Knockbacks . | . . . . . Impact . | . . . . . Kinetic . | . . . . . Secondary . | . . . . . Self-Inflicted Damage . | . . . . . Shots . | . . . . . Rammed . | . . . . . Targets Rammed . | . . . . . Kicked . | . . . . . Crushed . | . . . . . Highest Temperature 20 | . 20 . . . Average Temperature 4 | . 4 . . . Received Heat Transfer 162 | . 162 . . . Siege Activations . | . . . . . Robots Corrupted . | . . . . . Combat Hostiles . | . . . . . Parts Fried . | . . . . . Impact Corruptions . | . . . . . Robots Melted . | . . . . . Combat Hostiles . | . . . . . Parts Melted . | . . . . . Heat Transferred . | . . . . . Parts Sabotaged . | . . . . . Parts Stolen . | . . . . . Parts Stripped . | . . . . . Power Chain Reactions . | . . . . . Alert | -11 -10 -10 -10 -9 ------- Run | Yrd Mat Min Exi Min Peak Influence 230 | . 230 89 . . Initial 89 | . . 89 . . Average 61 | . 90 89 . . Maximum Alert Level 1 | . 1 . . . Low Security (%) 93 | 100 81 100 . 100 Level 1 6 | . 18 . . . Level 2 . | . . . . . Level 3 . | . . . . . Level 4 . | . . . . . Level 5 . | . . . . . High Security . | . . . . . Max Security . | . . . . . Squads Dispatched 1 | . 1 . . . Investigation . | . . . . . Extermination . | . . . . . Reinforcement 1 | . 1 . . . Assault . | . . . . . Garrison . | . . . . . Intercept . | . . . . . Searches Triggered . | . . . . . Construction Impeded . | . . . . . Haulers Reinforced . | . . . . . Active Scanning Responses . | . . . . . Cargo Convoy Interrupts . | . . . . . Stealth | -11 -10 -10 -10 -9 --------- Run | Yrd Mat Min Exi Min Distress Signals 1 | . 1 . . . Communications Jammed . | . . . . . Distress Signals . | . . . . . Times Spotted 13 | . 11 . . 2 Peak Tracking Total 3 | . 3 . . 2 Tactical Retreats 1 | . 1 . . . Traps | -11 -10 -10 -10 -9 ------- Run | Yrd Mat Min Exi Min Traps Triggered . | . . . . . Indirectly . | . . . . . Trap Hack Attempts . | . . . . . Triggered . | . . . . . Disarmed . | . . . . . Reprogrammed . | . . . . . Reused . | . . . . . Traps Extracted . | . . . . . Installed . | . . . . . Triggered . | . . . . . Machines | -11 -10 -10 -10 -9 ---------- Run | Yrd Mat Min Exi Min Machines Disabled . | . . . . . Max in Single Turn . | . . . . . Machines Repaired . | . . . . . Machines Dismantled . | . . . . . Machines Sabotaged . | . . . . . Overloaded Fab Kills . | . . . . . Hacking | -11 -10 -10 -10 -9 --------- Run | Yrd Mat Min Exi Min Machines Accessed 4 | . 4 . . . Terminals 4 | . 4 . . . Fabricators . | . . . . . Repair Stations . | . . . . . Recycling Units . | . . . . . Scanalyzers . | . . . . . Garrison Access . | . . . . . Total Hacks 7 | . 7 . . . Successful 3 | . 3 . . . Failed 4 | . 4 . . . Catastrophic 3 | . 3 . . . Database Lockouts . | . . . . . Manual 8 | . 7 . 1 . Terminals 7 | . 7 . . . Fabricators . | . . . . . Repair Stations . | . . . . . Recycling Units . | . . . . . Scanalyzers . | . . . . . Garrison Access . | . . . . . Terminal Hacks . | . . . . . Fabricator Hacks . | . . . . . Repair Station Hacks . | . . . . . Recycling Unit Hacks . | . . . . . Scanalyzer . | . . . . . Garrison Access Hacks . | . . . . . Unauthorized Hacks 3 | . 3 . . . Terminals 3 | . 3 . . . Assimilate 1 | . 1 . . . Botnet 2 | . 2 . . . Fabricators . | . . . . . Repair Stations . | . . . . . Recycling Units . | . . . . . Scanalyzers . | . . . . . Garrison Access . | . . . . . Data Cores Recovered . | . . . . . Used . | . . . . . Hacking Detections 3 | . 3 . . . Full Trace Events . | . . . . . Feedback Events . | . . . . . Feedback Blocked . | . . . . . Robot Schematics Acquired . | . . . . . Robots Built . | . . . . . Authchips . | . . . . . Time . | . . . . . Total Robot Build Rating . | . . . . . Part Schematics Acquired . | . . . . . Parts Built . | . . . . . Authchips . | . . . . . Time . | . . . . . Total Part Build Rating . | . . . . . Parts Repaired . | . . . . . Time . | . . . . . Parts Recycled . | . . . . . Recycled Matter . | . . . . . Retrieved Matter . | . . . . . Retrieved Components . | . . . . . Parts Scanalyzed . | . . . . . Part Schematics Acquired . | . . . . . Parts Damaged . | . . . . . Bothacking | -11 -10 -10 -10 -9 ------------ Run | Yrd Mat Min Exi Min Used RIF Installer . | . . . . . Robots Hacked . | . . . . . Non-combat . | . . . . . Combat . | . . . . . Robot Hacks Applied . | . . . . . Relay Couplers Released . | . . . . . Fabnet Peak Effective % . | . . . . . Robots Rewired . | . . . . . Allies Hacked . | . . . . . Hacks Repelled . | . . . . . Allies | -11 -10 -10 -10 -9 -------- Run | Yrd Mat Min Exi Min Total Allies . | . . . . . Largest Group . | . . . . . Highest-Rated Group . | . . . . . Highest-Rated Ally . | . . . . . Total Orders . | . . . . . Ally Attacks . | . . . . . Total Damage . | . . . . . Kills . | . . . . . Allies Corrupted . | . . . . . Allies Melted . | . . . . . Intel | -11 -10 -10 -10 -9 ------- Run | Yrd Mat Min Exi Min Robot Analysis Total . | . . . . . Derelict Logs Recovered . | . . . . . Drone Launches . | . . . . . Drone Recoveries . | . . . . . Exploration | -11 -10 -10 -10 -9 ------------- Run | Yrd Mat Min Exi Min Turns Passed 1174 | 85 324 289 272 204 Spaces Moved 866 | 59 206 238 221 142 Core 11 | 9 . . . 2 Treads . | . . . . . Legs 855 | 50 206 238 221 140 Wheels . | . . . . . Hover . | . . . . . Flight . | . . . . . Fastest Speed 50 | 50 120 120 120 120 Average Speed 120 | 122 120 120 120 120 Slowest Speed 200 | 200 120 120 120 190 Overloaded Moves . | . . . . . Propulsion Burnouts . | . . . . . Robots Hopped . | . . . . . Cave-ins Triggered . | . . . . . Exploration Rate (%) 38 | 4 38 57 60 31 Regions Visited 4 Branch Regions 3 Pre-discovered Areas 1 | . . 1 . . Known Exits Taken . | . . . . . Unknown Exits Taken 4 | 1 1 1 1 . Scrap Searched 1 | . . . . 1 Spaces Dug . | . . . . . Terrain Destroyed . | . . . . . Melee . | . . . . . Projectile . | . . . . . AOE . | . . . . . Terrain Rammed . | . . . . . Walls Destroyed . | . . . . . Machines Disabled . | . . . . . Actions | -11 -10 -10 -10 -9 --------- Run | Yrd Mat Min Exi Min Total 959 | 69 247 241 227 175 Wait 50 | . 14 4 . 32 Move 862 | 58 205 237 220 142 Hop . | . . . . . Pick Up 10 | 5 5 . . . Fast Attach 10 | 5 1 . 4 . Attach 1 | 1 . . . . Detach . | . . . . . Swap 2 | . 2 . . . Drop 6 | . 2 . 3 1 Fire 18 | . 18 . . . Melee . | . . . . . Ram . | . . . . . Kick . | . . . . . Crush . | . . . . . Escape Stasis . | . . . . . Rewire . | . . . . . Trap . | . . . . . Miscellaneous . | . . . . . Route ------- -11/Scrapyard -10/Materials -10/Mines (discovered 2 exits: [*Mat] / *Exi) -10/Exiles -9/Mines History --------- Turn | Location | Event 21 | -11/Scrapyard | Discovered new exit (range 15) 86 | -11/Scrapyard | Entered Materials 302 | -10/Materials | Build established: Mutant 385 | -10/Materials | Discovered new exit (range 8) 410 | -10/Materials | Entered Mines 450 | -10/Mines | Met a Derelict bent on vengeance 480 | -10/Mines | Learned location of Storage (-9) 559 | -10/Mines | Discovered new exit (range 8) 692 | -10/Mines | Deemed a non-threat by the Exiles lab entrance 693 | -10/Mines | Discovered new exit (range 5) 699 | -10/Mines | Entered Exiles 729 | -10/Exiles | Met 8R-AWN 750 | -10/Exiles | Met EX-HEX 786 | -10/Exiles | Met EX-BIN 800 | -10/Exiles | Aligned with FarCom system 801 | -10/Exiles | Given EX-Vault access code 831 | -10/Exiles | Opened EX-Vault 837 | -10/Exiles | Found Prototype Ballistic Gun 837 | -10/Exiles | Identified AWS/Gauss 840 | -10/Exiles | Found Prototype Device 840 | -10/Exiles | Identified Trap Reconfigurator 876 | -10/Exiles | Warned to stay clear of 0b10 Research branches 888 | -10/Exiles | Exiles lab attacked by MAIN.C 958 | -10/Exiles | Discovered new exit (range 12) 971 | -10/Exiles | Left Exiles lab with Trap Reconfigurator 971 | -10/Exiles | Entered Mines 1138 | -9/Mines | Assembled infested the area 1143 | -9/Mines | Assisted by a Guerilla fighting off Assembled 1168 | -9/Mines | Core integrity fell below 50% 1172 | -9/Mines | Core integrity fell below 20% 1175 | -9/Mines | Destroyed by D-53 Grenadier with Mini Grenade Launcher Last Messages --------------- need to get out of here! I've been tracking a group of Assembled to figure out where they're coming from, and they're closing on this area, come on!" 01143_ K-01 Serf collects debris. 01163_ D-53 Grenadier unfolds itself. 01163_ K-01 Serf destroyed. 01164_ QS-DKI(h): "I'll hold them off! Go on ahead or try to find another way!" 01165_ QS-DKI(h) destroyed. 01165_ K-01 Serf collects debris. 01169_ Assault Rifle destroyed. 01169_ Aluminum Leg destroyed. 01170_ K-01 Serf collects debris. 01172_ The unstable cave ceiling collapses. 01172_ K-01 Serf collects debris. 01172_ Dropped Med. Storage Unit. 01174_ The unstable cave ceiling collapses. 01175_ Aluminum Leg destroyed. 01175_ Ion Engine destroyed. Map ----- +----------------------------------------------------+ | ????????????????? #???????????????????????????? | | ????????????????? ????????????????????????????? | | ???????????????## ?????????????????????????????? | | ???????????????# #?????????????????????????????? | | ???????????????# #?????????????????????????????? | | ???????????????# ##?###??#?????????????????????? | | ????????###????# ## ## #?????????????????????? | | ???????## #??## #?????????????????????? | | ???????# ### #????????????????????????? | | ??????## ##????????????????????????? | | ??????# ##????????????????????????? | | ??????# ###??????????????????????? | | ??????# ##?????????????????????? | | ??????## ### #?????????????????????? | | ???????###??## #?????????????????????? | | ?????????????# #?????????????????????? | | ?????????????# #?????????????????????? | | ?????????????# ##?????????????????????? | | ?????????????## #######????????????????????? | | ??????????????## ## ?????????????????????? | | ???????????????## # #?????????????????????? | | ???????????????# # ##????##??????????????? | | ???????????????## #### ######?????????? | | ???????????????# ????????? | | ???????????????## = ????????? | | ????????????????# =!=@ ????????? | | ????????????????## *[ ????????? | | ?????????????????## # #????????? | | ??????????????????# #?? ## #?????????? | | ???????????????# ## %dk ##????????###?????????? | | ???????????????# u dk ##??????####???????????? | | ???????????????### #??????## ##??????????? | | ?????????????????## % ##?????## ##?????????? | | ??????????????????### ###?????# ##????????? | | #########??????????# ####### #### #???? | | # #??????????# #???? | | # #??????????# %###### ######???? | | # #??????????## ##????## ##????????? | | # #???????????# #####??????#######?????????? | | # #?###???????# #??????????????????????????? | | ##### ##### ##??????# #??????????????????????????? | | ????# #?## ##???### #### ##???????????????????? | | ????# ### ##??# #???????????????????? | | ???## ## #??# ##### #??????????????????? | | ??## """ #??# #???????? #?????????????????? | | ### """ #### #????????????????????????????? | | ! ! """ #????????????????????????????? | | ! ######????????????????????????????? | | ###### ##?????????????????????????????????? | | ?????## ####??????????????????????????????????? | +----------------------------------------------------+ Best States ------------- Heat Dissipation 25 Energy Generation 10 Energy Capacity 250 Matter Stores 300 Matter Capacity 300 Sight Range 16 Terrain Scan Density 10 Evasion (%) 55 Item Schematics ----------------- None Robot Schematics ------------------ None Fabricated ------------ Nothing Alien Tech Used ----------------- None Achievements -------------- None Challenges ------------ None Game ------ Seed TargetOmegaRedirector Manual? 0 Play Time 00:08:31 Cumulative 35.4 hours Start 2024.07.14 @ 21:29:06 End 2024.07.14 @ 21:36:01 Sessions 1 Manual Loads 0 Difficulty Rogue Special Mode None Game No. 39 Rogue 39 Adventurer 0 Explorer 0 Win Type - Total 0 Types 0/0/0/0/0/0/0/0/0 Lore% 36 Gallery% 37 Achievement% 34 Wizard Run 0 Options --------- Layout 1 ASCII 0 Keyboard 0 Movement Numpad Keybinds 0 Fullscreen 1 Font 32/SmallcapsGlow Map View 50x35 Zoom Use 0% Tactical HUD 1 Map Filters NONE Filters NONE Steam 1 RUN: f2ccc570-3fcd-482b-9f37-b1f00227f8a8